 Dungeon Crawl Stone Soup version 0.19-a0-1678-g8ce114c (webtiles) character file.

97 Arkorax the Shield-Bearer (level 5, 0/42 HPs)
             Began as a Formicid Fighter on Sept 24, 2016.
             Killed from afar by an orc wizard (5 damage)
             ... with a puff of flame
             ... on level 2 of the Dungeon.
             The game lasted 00:03:20 (2394 turns).

Arkorax the Shield-Bearer (Formicid Fighter)        Turns: 2394, Time: 00:03:21

Health: 0/42       AC:  7    Str: 22    XL:     5   Next: 0%
Magic:  5/5        EV:  8    Int:  7    God:
Gold:   151        SH:  0    Dex: 10    Spells: 0 memorised, 4 levels left

rFire  . . .     SeeInvis +     a - +0 war axe
rCold  . . .     Gourm    .     b - +0 scale mail
rNeg   . . .     Faith    .     c - +0 shield
rPois  .         Spirit   .     (helmet unavailable)
rElec  .         Dismiss  .     (no cloak)
rCorr  .         Reflect  .     (no gloves)
MR     .....     Harm     .     (no boots)
Stlth  ..........               (no amulet)
                                (no ring)
                                (no ring)

@: confused
A: permanent stasis, dig shafts and tunnels, four strong arms, antennae 3
a: Dig, Shaft Self


You were on level 2 of the Dungeon.
You were not hungry.

You visited 1 branch of the dungeon, and saw 3 of its levels.

You collected 151 gold pieces.

Inventory:

Hand Weapons
 a - a +0 war axe (weapon)
 m - a +0 dagger of venom
   (You took it off a goblin on level 1 of the Dungeon)
Armour
 b - a +0 scale mail (worn)
 c - a +0 shield (worn)
Scrolls
 e - a scroll of magic mapping {unknown}
 h - a scroll of identify {unknown}
 i - a scroll of enchant weapon {unknown}
 p - a scroll of teleportation {unknown}
Potions
 d - a potion of might {!q}
 g - a potion of lignification {unknown}
 k - a potion of cure mutation {unknown}
 l - a potion of mutation {unknown}
Comestibles
 f - a bread ration {!e}
 j - a meat ration {!e}
 n - a royal jelly
 o - 2 beef jerkies
 q - 2 chunks of flesh


   Skills:
 + Level 4.0 Fighting
 + Level 3.2 Axes
 + Level 4.0 Armour
 + Level 4.2 Shields


You had 4 spell levels left.
You didn't know any spells.

Dungeon Overview and Level Annotations

Branches:
Dungeon (3/15)

Altars:


Innate Abilities, Weirdness & Mutations

You are under a permanent stasis effect.
You can dig through walls and to a lower floor.
Your four strong arms can wield two-handed weapons with a shield.
You have a pair of large antennae on your head. (SInv)


Message History

The orc wizard casts a spell at you. The magic dart hits you!
* * * LOW HITPOINT WARNING * * *
You climb upwards.
There is a stone staircase leading down here.
Damage: 4 (max 14) Unknown command.
Unknown command.
You closely miss the orc wizard.
The orc wizard gestures at you while chanting.
The magic dart hits you!
* * * LOW HITPOINT WARNING * * *
Damage: 2 (max 14)
You closely miss the orc wizard. You block the orc wizard's attack.
The orc wizard hits you but does no damage.
You hit the orc wizard.
The orc wizard is moderately wounded.
The orc wizard barely misses you.
You hit the orc wizard.
The orc wizard is severely wounded.
You block the orc wizard's attack. The orc wizard hits you with a dagger.
* * * LOW HITPOINT WARNING * * *
Damage: 1 (max 14)
You hit the orc wizard.
The orc wizard is almost dead.
The orc wizard gestures at you while chanting.
The magic dart hits you!
* * * LOW HITPOINT WARNING * * *
Damage: 4 (max 14)
Your shield prevents you from hitting the orc wizard.
The orc wizard is almost dead.
The orc wizard closely misses you.
You miss the orc wizard.
The orc wizard is almost dead.
The orc wizard hits you but does no damage.
The orc wizard gestures at you while chanting.
You are confused.
The orc wizard casts a spell at you. The magic dart hits you!
* * * LOW HITPOINT WARNING * * *
Damage: 8 (max 14)
You bump into the rock wall.
You feel less confused.
The orc wizard gestures at you while chanting.
You resist with some effort.
The orc wizard points at you and mumbles some strange words.
You are confused.
The orc wizard casts a spell at you. The puff of flame hits you!
You die...

####...............####..>......#
# #.....##........# ##...#.##..
#.....#รท.######## #.....##..
####.....#.## #....####.
..##.....#.##### #......###
..##...........# #....#....
..####.......#.## #....#####
................########....# #
..####.......##.@.##...##...# #
..####.......>o........##.#######
..#....#....<....................
..#....#.................########
###....#.....##.#####.#.##
#....########.#####.### ######
#.......# #########


You could see an orc wizard.

Vanquished Creatures
  4 adders (D:2)
  2 leopard geckos (D:2)
  2 orcs (D:3)
  2 ball pythons (D:1)
  5 bats
  3 giant cockroaches
  6 goblins
  7 hobgoblins
  3 jackals (D:2)
  4 frilled lizards
  9 kobolds
  8 rats
55 creatures vanquished.

Notes
Turn   | Place    | Note
-------+----------+-------------------------------------------
     0 | D:1      | Arkorax the Formicid Fighter began the quest for the Orb.
     0 | D:1      | Reached XP level 1. HP: 18/18 MP: 1/1
     6 | D:1      | Thael: that's a useful skill
     7 | D:1      | Noticed a minotaur zombie
     8 | D:1      | Arkorax: yea
    17 | D:1      | Noticed a minotaur zombie
    21 | D:1      | Noticed a minotaur zombie
    45 | D:1      | Arkorax: its pretty dope
   141 | D:1      | Reached XP level 2. HP: 22/24 MP: 2/2
   586 | D:1      | Reached XP level 3. HP: 28/29 MP: 3/3
   587 | D:1      | Arkorax: so how are you
   975 | D:1      | Thael: pretty great
   980 | D:2      | Arkorax: same here :)
  1025 | D:2      | HP: 8/29 [adder (3)]
  1029 | D:2      | Reached skill level 4 in Shields
  1029 | D:2      | Reached XP level 4. HP: 11/37 MP: 4/4
  1058 | D:2      | HP: 10/37 [leopard gecko (4)]
  1061 | D:2      | Reached skill level 3 in Axes
  1308 | D:2      | Thael: I assembled a mini-setup on my couch
  1340 | D:2      | HP: 10/37 [adder (2)]
  1345 | D:2      | HP: 6/37 [poisoned by an adder]
  1351 | D:2      | HP: 4/37 [poisoned by an adder]
  1357 | D:2      | HP: 2/37 [poisoned by an adder]
  1365 | D:2      | HP: 1/37 [poisoned by an adder]
  1668 | D:2      | Arkorax: nice
  1668 | D:2      | Thael: I have a keyboard in my lap and I'm using my PC on the TV
  1668 | D:2      | Arkorax: and they say PCs cant be couced
  1668 | D:2      | Arkorax: *couched
  1753 | D:2      | Reached skill level 4 in Armour
  1907 | D:2      | Thael: PC 1:0 console
  1907 | D:2      | Arkorax: ;)
  2227 | D:3      | Noticed a bullfrog
  2271 | D:2      | Arkorax: i just got a new one
  2271 | D:2      | Arkorax: i5, GTX750ti
  2271 | D:2      | Thael: nice
  2271 | D:2      | Arkorax: and a 1080p, 24 inch monitor
  2271 | D:2      | Arkorax: for 50eur
  2273 | D:2      | Thael: what other games do you play?
  2283 | D:2      | Arkorax: dwarf fortress
  2283 | D:2      | Arkorax: and my favorite
  2283 | D:2      | Arkorax: car mechanic simulator 2015
  2359 | D:2      | Arkorax: euro truck
  2359 | D:2      | Arkorax: BeamNG drive
  2378 | D:3      | Reached skill level 4 in Fighting
  2378 | D:3      | Reached XP level 5. HP: 23/42 MP: 5/5
  2388 | D:2      | HP: 5/42 [orc wizard/magic dart (9)]
  2394 | D:2      | Killed from afar by an orc wizard

Vault maps used:
D:1:      shiori_arrival_whats_in_store_for_you
D:3:      grunt_temple_overflow_order_and_chaos_2, first_bread,
          ecumenical_altar_2, minmay_hedge_maze, grunt_ministairs_6,
          uniq_grinder, uniq_jessica, uniq_robin

Skill      XL: |  1  2  3  4 |
---------------+-------------+-----
Shields        | 4 |  4.2
Axes           | 3 |  3.2
Armour         | 4 |  4.0
Fighting       | 4 |  4.0

Action                   |  1- 3 |  4- 6 || total
-------------------------+-------+-------++-------
Melee: War axe           |   102 |    94 ||   196
 Abil: Dig               |     1 |       ||     1
  Eat: Chunk             |       |     5 ||     5
Armor: Scale mail        |    42 |    44 ||    86
Dodge: Dodged            |    38 |    34 ||    72
Block: Shield            |    57 |    52 ||   109

Table legend:
 A = Turns spent in this place as a percentage of turns spent in the entire game.
 B = Non-inter-level travel turns spent in this place as a percentage of non-inter-level travel turns spent in the entire game.
 C = Inter-level travel turns spent in this place as a percentage of turns spent in this place.
 D = Turns resting spent in this place as a percentage of non-inter-level travel turns spent in this place.
 E = Turns spent auto-exploring this place as a percentage of non-inter-level travel turns spent in this place.
 F = Non-inter-level travel turns spent in this place divided by the number of levels of this place that you've seen.
                   A       B       C       D       E      F
               +-------+-------+-------+-------+-------+----------------------
         Total | 100.0 | 100.0 |   0.5 |   4.3 |  12.3 | 262.7
       Dungeon | 100.0 | 100.0 |   0.5 |   4.3 |  12.3 | 262.7
               +-------+-------+-------+-------+-------+----------------------

Vault maps used:
D:1:      shiori_arrival_whats_in_store_for_you
D:3:      grunt_temple_overflow_order_and_chaos_2, first_bread,
          ecumenical_altar_2, minmay_hedge_maze, grunt_ministairs_6,
          uniq_grinder, uniq_jessica, uniq_robin
